 Dungeon Crawl Stone Soup version 0.29.1-15-g9cfb28693d (webtiles) character file.

Game seed: 7908704074544046917

892 Sanktem7 the Chopper (level 7, -4/63 HPs)
             Began as a Minotaur Fighter on Mar 13, 2023.
             Slain by a komodo dragon (11 damage)
             ... on level 8 of the Dungeon.
             The game lasted 00:04:27 (4811 turns).

Sanktem7 the Chopper (Minotaur Fighter)             Turns: 4811, Time: 00:04:27

Health: -4/63      AC:  7    Str: 23    XL:     7   Next: 78%
Magic:  6/6        EV:  9    Int:  5    God:
Gold:   144        SH:  5    Dex:  9    Spells: 6/6 levels left

rFire   . . .      SeeInvis .   a - +0 war axe {axe}
rCold   . . .      Faith    .   c - +0 buckler
rNeg    . . .      Spirit   .   b - +0 scale mail
rPois   .          Reflect  .   (helmet restricted)
rElec   .          Harm     .   (no cloak)
rCorr   .          Rampage  .   (no gloves)
Will    .....                   (no boots)
Stlth   ..........              (no amulet)
HPRegen 0.20/turn               (no ring)
MPRegen 0.10/turn               (no ring)

@: no status effects
A: horns 2, retaliatory headbutt
a: no special abilities


You were on level 8 of the Dungeon.
You visited 1 branch of the dungeon, and saw 6 of its levels.

You collected 144 gold pieces.


Innate Abilities, Weirdness & Mutations

You have a pair of horns on your head.
You reflexively headbutt those who attack you in melee.


   Skills:
 + Level 6.0 Fighting
 * Level 7.1 Axes
 + Level 5.9 Armour
 + Level 5.9 Shields


You had 6 spell levels left.
You didn't know any spells.
Your spell library contained the following spells:

 Spells                   Type           Power      Damage    Failure   Level
 Confusing Touch          Hex            0%         N/A       99%         3
 Portal Projectile        Hex/Tloc       0%         N/A       99%         3
 Tukima's Dance           Hex            0%         N/A       99%         3
 Blade Hands              Tmut           0%         N/A       100%        5
 Yara's Violent Unravell  Hex/Tmut       0%         3d3       100%        5
 Enfeeble                 Hex            0%         N/A       100%        7

Inventory:

Hand Weapons
 a - a +0 war axe (weapon) {axe}
 p - a +1 dagger of venom {short}
   (You took it off a goblin on level 3 of the Dungeon)
Missiles
 h - 3 poisoned darts (quivered) {throwing}
 j - 23 stones {throwing}
Armour
 b - a +0 scale mail (worn)
 c - a +0 buckler (worn)
 C - a scarf of shadows
   (You found it on level 4 of the Dungeon)
Jewellery
 l - a ring of resist corrosion
   (You found it on level 2 of the Dungeon)
 u - a ring of fire
   (You found it on level 3 of the Dungeon)
Wands
 v - a wand of flame (7)
   (You took it off an orc on level 3 of the Dungeon)
Scrolls
 e - 8 scrolls of identify {unknown}
 f - a scroll of butterflies {unknown}
 i - 2 scrolls of vulnerability {unknown}
 k - 3 scrolls of fear {unknown}
 m - a scroll of acquirement {unknown}
 o - a scroll of amnesia {unknown}
 r - 2 scrolls of blinking {unknown}
 s - a scroll of enchant armour {unknown}
 w - a scroll of teleportation {unknown}
 y - a scroll of brand weapon {unknown}
 A - a scroll of noise {unknown}
 D - a scroll of poison {unknown}
 F - a scroll of summoning {unknown}
Potions
 d - a potion of might
 g - a potion of attraction {unknown}
 n - 4 potions of curing {unknown}
 q - 2 potions of berserk rage {unknown}
 t - a potion of resistance {unknown}
 x - 2 potions of flight {unknown}
 z - a potion of degeneration {unknown}
 B - a potion of heal wounds {unknown}
 E - a potion of invisibility {unknown}

Dungeon Overview and Level Annotations

Branches:
Dungeon (5/15) Zot: 26831
 Temple: D:4-7

Altars:
The Shining One

Shops:
D:2

(
#######....#...........
.................##.#.##
#######.................
#######....#.##........P
........####.##..##.....
#########....##).##..?..
######.. ......))†..P...
......# ....##hl#...PPP
#####.# ##...##.@#.....#
#####.# #...##..# P..P#
......# ..... .Ph.#
........ ........ PP.#
####.### ###.......P...
.. #.#...#.. ♣
#......... #.#...# ...


You could see a komodo dragon and a black bear.


Message History

You are too injured to fight recklessly!
You are too injured to fight recklessly!
You are too injured to fight recklessly!
You are too injured to fight recklessly!
You are too injured to fight recklessly!
You are too injured to fight recklessly!
You are too injured to fight recklessly!
Unknown command.
You closely miss the orc wizard. Your headbutt misses the orc wizard.
You miss something. You hit the orc but do no damage.
You barely miss the bullfrog.
The bullfrog hits you but does no damage.
The bullfrog barely misses you. The orc hits you but does no damage.
Something hits you but does no damage.
The orc wizard closely misses you. 😕 HP[+1]
You barely miss the orc wizard. You hit something.
You hit the orc but do no damage. You hit the bullfrog. The bullfrog hits you.
You block something's attack.
The orc wizard hits you but does no damage.
You block the bullfrog's attack. 😮 HP[-2]
You take 2 damage, and now have 45/62 hp.
You closely miss the orc wizard. You barely miss the bullfrog.
You hit something but do no damage. You slash the orc!
You kill the orc!
The bullfrog hits you. Something hits you.
The orc wizard hits you but does no damage.
A black bear comes into view.
The bullfrog hits you.
The orc wizard hits you with a +0 dagger.
You hear some strange, mumbled words.
A magic dart appears from out of thin air!
The magic dart hits you.
* * * LOW HITPOINT WARNING * * *
The black bear moves out of view. 😨 HP[-16]
You take 16 damage, and now have 29/62 hp.
MASSIVE DAMAGE!! (PAUSE)
You barely miss the orc wizard. You miss something. You hit the bullfrog.
You kill the bullfrog!
The bullfrog hits you but does no damage.
Something hits you but does no damage. You block the orc wizard's attack.
The black bear growls angrily.
You slash the orc wizard!
You kill the orc wizard!
You slash something!
Reactivating autopickup.
You feel a bit more experienced.
You slash the bullfrog!
The bullfrog hits you but does no damage.
You block the bullfrog's attack.
Your Axes skill increases to level 7! 😨 HP[+1]
The bullfrog barely misses you.
Things that are here:
a +0 dagger {short}; a +0 robe You block the bullfrog's attack.
The bullfrog misses you. You furiously retaliate!
You headbutt the bullfrog! You slash the bullfrog!
You kill the bullfrog!
Your Fighting skill increases to level 6! 😨 HP[+1]
You now have 63 max hp (+1).
You barely miss the komodo dragon. You block the komodo dragon's attack.
The komodo dragon bites you but does no damage.
You hit the komodo dragon. The komodo dragon closely misses you.
You furiously retaliate!
You headbutt the komodo dragon. You hit the komodo dragon.
You headbutt the komodo dragon! You closely miss the black bear.
The black bear bites you.
* * * LOW HITPOINT WARNING * * *
You block the black bear's attack.
The black bear claws you but does no damage.
The komodo dragon hisses menacingly.
The komodo dragon bites you but does no damage. 😨 HP[-2]
You take 2 damage, and now have 29/63 hp.
You slash the komodo dragon!
You headbutt the komodo dragon, but do no damage.
You hit the black bear. The black bear completely misses you.
You furiously retaliate!
You headbutt the black bear!
The black bear claws you but does no damage.
The black bear claws you.
* * * LOW HITPOINT WARNING * * *
The komodo dragon bites you but does no damage. 😨 HP[-1]
You take 1 damage, and now have 28/63 hp.
You barely miss the komodo dragon.
You headbutt the komodo dragon, but do no damage.
You barely miss the black bear. The komodo dragon bites you!!
* * * LOW HITPOINT WARNING * * *
The black bear bites you but does no damage.
The black bear claws you but does no damage.
You block the black bear's attack. 😱 HP[-21]
You take 21 damage, and now have 7/63 hp.
MASSIVE DAMAGE!! (PAUSE)
You barely miss the komodo dragon.
You headbutt the komodo dragon, but do no damage.
You hit the black bear but do no damage.
The komodo dragon bites you!
You die...

Skill      XL: |  1  2  3  4  5  6  7 |
---------------+----------------------+-----
Axes           | 3 4 5 6 7 |  7.1
Fighting       | 4 5 6 |  6.0
Armour         | 4 5 |  5.9
Shields        | 4 5 |  5.9

Action                   |  1- 3 |  4- 6 |  7- 9 || total
-------------------------+-------+-------+-------++-------
Melee: War axe           |    66 |   106 |    36 ||   208
       Headbutt          |     9 |    19 |     6 ||    34
Armor: Scale mail        |    41 |    41 |    27 ||   109
Dodge: Dodged            |    43 |    52 |    15 ||   110
Block: Buckler           |    20 |    19 |    15 ||    54

Levels and vault maps discovered:
D:1:      dpeg_arrival_line_fractal, layout_rooms
D:2:      cheibrodos_pilgrimage, layout_basic, basic_altar, serial_shops, shop
D:3:      layout_loops_cross, hellmonk_ecumenical_altar_prayer_group
D:4:      layout_loops_cross, grunt_ministairs_6, minmay_misc_feat_alley,
          sigmund_army
D:5:      layout_cave_pods
D:8:      nzn_winding_woodlands_cross [nzn_winding_woodlands_5x15_pockets,
          nzn_winding_woodlands_5x15_zeroes, nzn_winding_woodlands_5x15_cabin,
          nzn_winding_woodlands_5x15_crooked,
          nzn_winding_woodlands_15x15_killbox], layout_basic,
          grunt_lair_entry_orc_guard_hut, special_room [special_room_orc]

Notes
Turn   | Place    | Note
-------+----------+-------------------------------------------
     0 | D:1      | Sanktem7 the Minotaur Fighter began the quest for the Orb.
     0 | D:1      | Reached XP level 1. HP: 19/19 MP: 0/0
     0 | D:1      | magus.rc [v1.9.6]
   265 | D:1      | Reached XP level 2. HP: 27/27 MP: 1/1
   351 | D:1      | Reached skill level 3 in Axes
  1038 | D:2      | Reached skill level 4 in Fighting
  1038 | D:2      | Reached skill level 4 in Armour
  1038 | D:2      | Reached skill level 4 in Shields
  1038 | D:2      | Reached XP level 3. HP: 33/33 MP: 2/2
  1126 | D:2      | Found Xeqot's Weapon Shop.
  1229 | D:2      | You pick up a book of Misfortune and begin reading...
  1229 | D:2      | You add the spells Confusing Touch, Yara's Violent
                  | Unravelling and Enfeeble to your library.
  1359 | D:2      | Found a glowing golden altar of the Shining One.
  1422 | D:2      | You pick up a book of Weapons and begin reading...
  1422 | D:2      | You add the spells Tukima's Dance, Portal Projectile and
                  | Blade Hands to your library.
  1578 | D:2      | Reached XP level 4. HP: 12/40 MP: 3/3
  1580 | D:2      | Reached skill level 4 in Axes
  2633 | D:3      | Reached XP level 5. HP: 47/47 MP: 4/4
  2791 | D:3      | Found a faded altar of an unknown god.
  2938 | D:4      | HP: 11/47 [poisoned by an adder]
  2939 | D:4      | HP: 3/47 [worm (5)]
  3379 | D:4      | Noticed a black bear
  3386 | D:4      | Killed a black bear
  3387 | D:4      | Reached skill level 5 in Axes
  3387 | D:4      | Reached XP level 6. HP: 48/55 MP: 5/5
  3702 | D:4      | Reached skill level 5 in Fighting
  3855 | D:4      | Reached skill level 5 in Armour
  3855 | D:4      | Reached skill level 5 in Shields
  4022 | D:4      | Noticed Sigmund
  4047 | D:4      | Killed Sigmund
  4048 | D:4      | Reached skill level 6 in Axes
  4048 | D:4      | Reached XP level 7. HP: 33/61 MP: 6/6
  4367 | D:5      | Entered Level 5 of the Dungeon
  4646 | D:5      | You fall into a shaft and drop 3 floors!
  4795 | D:8      | Noticed a komodo dragon
  4802 | D:8      | Reached skill level 7 in Axes
  4806 | D:8      | Reached skill level 6 in Fighting
  4810 | D:8      | HP: 7/63 [komodo dragon (21)]
  4811 | D:8      | Slain by a komodo dragon

Vanquished Creatures
  Sigmund (D:4)
  A black bear (D:4)
  A necrophage (D:5)
  2 bullfrogs (D:8)
  A scorpion (D:5)
  A hound (D:5)
  An orc priest (D:2)
  4 iguanas
  2 orc wizards (D:8)
  A gnoll (D:4)
  8 adders
  A white imp (D:5)
  A worm (D:4)
  2 dart slugs
  10 orcs
  4 bats
  6 endoplasms
  4 goblins
  10 hobgoblins
  10 jackals
  6 kobolds
  4 quokkas
  7 ball pythons
  2 frilled lizards (D:3)
  A rat (D:1)
91 creatures vanquished.

Vanquished Creatures (others)
  2 fungi (D:8)
  A plant (D:8)
3 creatures vanquished.

Grand Total: 94 creatures vanquished

Table legend:
 A = Non-vault XP
 B = Vault XP
 C = Vault XP percentage of total XP
 D = Non-vault monster count
 E = Vault monster count
 F = Vault count percentage of total count
                 A         B        C        D         E       F
            +---------+---------+-------+---------+---------+-------
      Total |     778 |     497 |  39.0 |      76 |      15 |  16.5
            +---------+---------+-------+---------+---------+-------
        D:1 |      36 |       0 |   0.0 |      19 |       0 |   0.0
        D:2 |      64 |      56 |  46.7 |      10 |       6 |  37.5
        D:3 |      55 |       2 |   3.5 |      21 |       2 |   8.7
        D:4 |     274 |     255 |  48.2 |      16 |       5 |  23.8
        D:5 |     274 |       0 |   0.0 |       7 |       0 |   0.0
        D:8 |      75 |     184 |  71.0 |       3 |       2 |  40.0
            +---------+---------+-------+---------+---------+-------

Illustrated notes

Table legend:
 A = Kills in this place as a percentage of kills in entire the game.
 B = Kills by you in this place as a percentage of kills by you in the entire game.
 C = Kills by friends in this place as a percentage of kills by friends in the entire game.
 D = Other kills in this place as a percentage of other kills in the entire game.
 E = Experience gained in this place as a percentage of experience gained in the entire game.
 F = Experience gained in this place divided by the number of levels of this place that you have seen.
                   A       B       C       D       E      F
               +-------+-------+-------+-------+-------+----------------------
         Total | 100.0 | 100.0 |   N/A |   N/A | 100.0 | 212.5
       Dungeon | 100.0 | 100.0 |   N/A |   N/A | 100.0 | 212.5
               +-------+-------+-------+-------+-------+----------------------

Table legend: (Time is in decaauts)
 A = Elapsed time spent in this place.
 B = Non-inter-level travel time spent in this place.
 C = Inter-level travel time spent in this place.
 D = Time resting spent in this place.
 E = Time spent auto-exploring this place.
 F = Levels seen in this place.
 G = Mean time per level.
                   A        B        C        D        E       F      G
               +--------+--------+--------+--------+--------+-----+--------+
         Total |   4875 |   4720 |    155 |    286 |   3911 |   6 |  812.5 |
       Dungeon |   4875 |   4720 |    155 |    286 |   3911 |   6 |  812.5 |
               +--------+--------+--------+--------+--------+-----+--------+

Top non-repeatable levels by time:
     D:2: 1250 daAuts
     D:4: 1204 daAuts
     D:3: 1110 daAuts
     D:1: 859 daAuts
     D:5: 283 daAuts
     D:8: 167 daAuts
